 Dungeon Sprint DCSS version 0.24-a0-581-gc0fa660 (webtiles) character file.

Game seed: 15182682243625588745

94 Faca the Cleaver (level 4, 0/40 HPs)
             Began as a Formicid Fighter on Aug 22, 2019.
             Was a Believer of Makhleb.
             Slain by a red draconian
             ... wielding a +0 scimitar
              (4 damage)
             ... in the Dungeon (Sprint V: "Ziggurat Sprint").
             The game lasted 00:01:48 (114 turns).

Faca the Cleaver (Formicid Fighter)                  Turns: 114, Time: 00:01:49

Health: 0/40       AC: 16    Str: 33    XL:     4   Next: 94%
Magic:  4/4        EV:  5    Int:  8    God:    Makhleb [**....]
Gold:   0          SH: 19    Dex: 10    Spells: 3/3 levels left

rFire    . . .     SeeInvis +   b - +5 broad axe
rCold    . . .     Gourm    .   F - +3 large shield
rNeg     . . .     Faith    .   H - +5 storm dragon scales
rPois    .         Spirit   .   (helmet unavailable)
rElec    +         Reflect  .   (no cloak)
rCorr    .         Harm     .   (no gloves)
MR       .....                  (no boots)
Stlth    ..........             (no amulet)
HPRegen  0.13/turn              A - +6 ring of strength
MPRegen  0.09/turn              B - +6 ring of strength

@: no status effects
A: permanent stasis, dig shafts and tunnels, four strong arms, antennae 3
a: Dig, Minor Destruction, Renounce Religion


You were in the Dungeon.
You worshipped Makhleb.
Makhleb was pleased with you.
You were not hungry.

You visited 1 branch

Inventory:

Hand Weapons
 a - a +5 battleaxe
 b - a +5 broad axe (weapon)
 c - a +5 executioner's axe
Armour
 F - a +3 large shield (worn)
 G - +5 gold dragon scales
 H - +5 storm dragon scales (worn)
 I - the +15 Maxwell's patent armour {-Cast -Tele rElec MR+ rCorr}
   (You found it in the Dungeon)

   It insulates you from electricity.
   It affects your resistance to hostile enchantments.
   It prevents spellcasting.
   It prevents most forms of teleportation.
   It provides partial protection from all sources of acid and corrosion.
Jewellery
 v - an uncursed ring of flight
 w - a +6 ring of dexterity
 x - a +6 ring of dexterity
 y - a +6 ring of intelligence
 z - a +6 ring of intelligence
 A - a +6 ring of strength (left hand)
 B - a +6 ring of strength (right hand)
Wands
 C - a wand of disintegration (7)
 D - a wand of iceblast (7)
 E - a wand of acid (7)
Scrolls
 k - 4 scrolls of blinking
 o - 4 scrolls of amnesia
 q - 7 scrolls of fog
 r - a scroll of holy word
 s - 5 scrolls of identify
 t - 5 scrolls of remove curse
 u - 2 scrolls of fear
Potions
 d - 6 potions of might
 e - 10 potions of curing
 g - 9 potions of heal wounds
 h - 6 potions of haste
 i - 7 potions of magic
 j - 3 potions of berserk rage
 l - 2 potions of brilliance
 m - 2 potions of invisibility
 n - 4 potions of resistance
 p - 5 potions of agility
Comestibles
 f - 7 rations


   Skills:
 + Level 6.3 Fighting
 + Level 9.2 Axes
 - Level 3.2 Armour
 - Level 3.6 Shields


You had 3 spell levels left.
You didn't know any spells.
Your spell library contained the following spells:

 Spells                   Type           Power        Failure   Level  Hunger
 Ensorcelled Hibernation  Hex/Ice        #.....       100%        2    ###....
 Throw Frost              Conj/Ice       #.....       100%        2    ###....
 Alistair's Intoxication  Tmut/Pois      #.......     100%        5    ######.
 Blade Hands              Tmut           #.........   100%        5    ######.
 Statue Form              Tmut/Erth      #........    100%        6    #######


Dungeon Overview and Level Annotations

Branches:
Dungeon (1/1)

Altars:
Ashenzari
Cheibriados
Dithmenos
Elyvilon
Fedhas
Gozag
Hepliaklqana
Kikubaaqudgha
Makhleb
Nemelex Xobeh
Okawaru
Qazlal
Ru
Sif Muna
Trog
Uskayaw
Vehumet
Wu Jian
Xom
Yredelemnul
Zin
The Shining One
Beogh
Jiyva
Lugonu

Annotations:
D 1 transporter


Innate Abilities, Weirdness & Mutations

You cannot be hasted, slowed, berserked, paralysed or teleported.
You can dig through walls and to a lower floor.
Your four strong arms can wield two-handed weapons with a shield.
You have a pair of large antennae on your head. (SInv)


Message History

Your shield prevents you from hitting the draconian.
You slash the draconian! x2; You block the red draconian's attack.
The draconian hits you but does no damage.
You block the draconian's attack. x2
You hit the red draconian but do no damage.
The red draconian is moderately wounded.
You hit the draconian. You closely miss the draconian.
You barely miss the draconian. You block the red draconian's attack.
The draconian barely misses you. The draconian hits you with a +0 mace!
The draconian closely misses you.
The red draconian breathes flames at you.
The searing blast hits you! You block the draconian's attack.
You barely miss the red draconian.
The red draconian is moderately wounded.
You slice the draconian!!
Your shield and storm dragon scales prevent you from hitting the draconian. x2
You block the draconian's attack. The draconian hits you with a +0 flail!
* * * LOW HITPOINT WARNING * * *
The red draconian hits you with a +0 scimitar.
You die...

▓▓▓▓▓▓▓▓▓▓▓▓▓▓▓▓▓▓▓
▓.8©8.▓.8©8.▓.8©8.▓
▓.}:}.▓..}|.▓.....▓
▓..|..▓.....▓.}.=.▓
▓..ddd▓.....▓.....▓
▓..d@.▓.....▓.....▓
▓.....▓.....▓..©..▓
▓..©..▓..©..▓▓▓▓▓▓▓
▓▓▓▓▓▓▓▓▓▓▓▓▓ {{{
{{{ { { {


You could see a red draconian and 3 draconians.

Vanquished Creatures
  A crimson imp (D)
  A quasit (D)
  2 mummies (D)
  A leopard gecko skeleton (D)
5 creatures vanquished.

Vanquished Creatures (others)
  3 spatial maelstroms (D)
3 creatures vanquished.

Grand Total: 8 creatures vanquished

Notes
Turn   | Place    | Note
-------+----------+-------------------------------------------
     0 | D        | Faca the Formicid Fighter began the quest for the Orb.
     0 | D        | Reached XP level 1. HP: 18/18 MP: 1/1
     0 | D        | Found a shimmering blue altar of Sif Muna.
     0 | D        | Found a sacrificial altar of Ru.
     0 | D        | Found a bloodstained altar of Trog.
     0 | D        | Found a stormy altar of Qazlal.
     0 | D        | Found an iron altar of Okawaru.
     0 | D        | Found a sparkling altar of Nemelex Xobeh.
     0 | D        | Found a blossoming altar of Fedhas.
     1 | D        | Found the +6 Majin-Bo {vamp, Archmagi MP+6 Int+6}
     1 | D        | Found the +7 great mace "Firestarter" {inner flame, rF++}
     2 | D        | Reached skill level 7 in Axes
     2 | D        | Reached XP level 2. HP: 24/24 MP: 2/2
     2 | D        | Banished a spatial maelstrom
     3 | D        | Found a transporter.
     3 | D        | Found an ancient bone altar of Kikubaaqudgha.
     3 | D        | Found a viscous altar of Jiyva.
     3 | D        | Found a corrupted altar of Lugonu.
     3 | D        | Found a hazy altar of Hepliaklqana.
     3 | D        | Found a burning altar of Makhleb.
     3 | D        | Found an opulent altar of Gozag.
    24 | D        | Banished a spatial maelstrom
    42 | D        | Banished a spatial maelstrom
    62 | D        | Found the +6 shillelagh "Devastator" {shatter}
    62 | D        | Found the +11 plutonium sword {*Contam Stlth-}
    62 | D        | Found the +8 lance "Wyrmbane" {slay drac, rPois rF+ rC+
                  | AC+3}
    62 | D        | Found the +9 sword of Zonguldrok {reap}
    62 | D        | Found the cursed +13 scythe of Curses {drain, *Curse}
    62 | D        | Found the +0 sword of Power
    62 | D        | Found the +7 mace of Variability {chain chaos}
    62 | D        | Found the +7 Singing Sword {slice, sonic wave}
    62 | D        | Found the +8 storm bow {elec, penet}
    64 | D        | Became a worshipper of Makhleb the Destroyer
    68 | D        | Found the +9 heavy crossbow "Sniper" {velocity, Acc+∞ SInv}
    68 | D        | Found the +10 dark maul {crush}
    68 | D        | Found the +15 Maxwell's patent armour {-Cast -Tele rElec
                  | MR+ rCorr}
    68 | D        | Found the +18 shield of the Gong {rElec rN+ MR+ EV-5}
    68 | D        | Found the cursed +14 obsidian axe {chop, +Fly SInv *Curse}
    72 | D        | Entered arena 2.
    72 | D        | Found a transporter.
    81 | D        | Reached skill level 8 in Axes
    81 | D        | Reached XP level 3. HP: 31/31 MP: 3/3
    85 | D        | Got the ring of Juteebid {MP+9 Slay+3}
    89 | D        | Entered arena 3.
    89 | D        | Found a transporter.
    93 | D        | Reached * piety under Makhleb
    94 | D        | Reached skill level 5 in Fighting
    94 | D        | Reached XP level 4. HP: 39/39 MP: 4/4
    96 | D        | Reached ** piety under Makhleb
    96 | D        | Reached skill level 9 in Axes
   101 | D        | Got Farots's Collected Works on Frigorific Transformation
   104 | D        | Entered arena 4.
   104 | D        | Noticed a red draconian
   104 | D        | Noticed a draconian
   104 | D        | Noticed a draconian
   104 | D        | Noticed a draconian
   104 | D        | Found a transporter.
   114 | D        | Slain by a red draconian

Levels and vault maps discovered:
D:        sprint_v [room_start, room_1, room_2, room_3, room_4, room_5, room_6,
          room_7, room_8, room_9, room_10, room_11, room_12, room_13, room_14,
          room_15, room_16, room_17, room_18, room_19, room_20, room_21,
          room_22, room_23, room_24, room_25, room_26, room_27]

Skill      XL: |  1  2  3  4 |
---------------+-------------+-----
Axes           | 7 8 9 |  9.2
Fighting       | 4 5 6 |  6.3
Armour         | |  3.2
Shields        | |  3.6

Action                   |  1- 3 |  4- 6 || total
-------------------------+-------+-------++-------
Melee: Broad axe         |    11 |     8 ||    19
  Use: Potion            |     1 |     1 ||     2
Armor: Storm dragon scal |     6 |     7 ||    13
Dodge: Dodged            |     2 |     3 ||     5
Block: Large shield      |    10 |    12 ||    22

Table legend:
 A = Non-vault XP
 B = Vault XP
 C = Vault XP percentage of total XP
 D = Non-vault monster count
 E = Vault monster count
 F = Vault count percentage of total count
                 A         B        C        D         E       F
            +---------+---------+-------+---------+---------+-------
      Total |       0 |     126 | 100.0 |       0 |       5 | 100.0
            +---------+---------+-------+---------+---------+-------
          D |       0 |     126 | 100.0 |       0 |       5 | 100.0
            +---------+---------+-------+---------+---------+-------
